 Dungeon Crawl Stone Soup version 0.32-a0-996-gb3226c233f (webtiles) character file.

Game seed: 14195125966961289111

1171 Drangen the Shooter (level 8, -18/62 HPs)
             Began as a Coglin Hunter on Apr 23, 2024.
             Demolished by Duvessa
             ... wielding a +1 short sword of electrocution
              (19 damage)
             ... on level 5 of the Dungeon.
             The game lasted 00:03:06 (4140 turns).

Drangen the Shooter (Coglin Hunter)                 Turns: 4140, Time: 00:03:08

Health: -18/62     AC:  3    Str: 11    XL:     8   Next: 41%
Magic:  8/8        EV: 13    Int: 10    God:
Gold:   309        SH:  0    Dex: 19    Spells: 7/7 levels left

rFire   . . .        a - +2 sling {Agam}
rCold   . . .        d - +0 sling {Astrid}
rNeg    . . .        c - +0 leather armour
rPois   .            (no helmet)
rElec   .            (no cloak)
rCorr   .            (no gloves)
SInv    .            (no boots)
Will    .....        (amulet unavailable)
Stlth   +            (ring unavailable)
HPRegen 0.30/turn    (ring unavailable)
MPRegen 0.11/turn    (no gizmo)

%: no passive effects
@: lit by a corona, glowing, revved
A: off-hand wielding, slow wielding, warmup strikes, no jewellery
a: Invent Gizmo


You were on level 5 of the Dungeon.
You visited 1 branch of the dungeon, and saw 5 of its levels.

You collected 309 gold pieces.

Inventory:

Hand Weapons
 a - a +2 sling (weapon) {Agam}
 d - a +0 sling (offhand) {Astrid}
Missiles
 i - 2 throwing nets
Armour
 c - a +0 leather armour (worn)
Wands
 n - a wand of flame (27)
Scrolls
 e - 7 scrolls of identify {unknown}
 f - a scroll of fear {unknown}
 h - a scroll of torment {unknown}
 j - 2 scrolls of enchant weapon {unknown}
 k - 2 scrolls of noise {unknown}
 m - 2 scrolls of teleportation {unknown}
 p - a scroll of fog {unknown}
Potions
 g - 3 potions of heal wounds
 l - 2 potions of curing
 o - a potion of lignification {unknown}


   Skills:
 + Level 5.1 Fighting
 + Level 5.8 Ranged Weapons
 + Level 4.7 Dodging
 + Level 4.3 Stealth


You had 7 spell levels left.
You didn't know any spells.
Your spell library contained the following spells:

 Spells                   Type           Power      Damage    Failure   Level
 Sandblast                Erth           0%         2d4       45%         1
 Passwall                 Erth           0%         N/A       83%         3
 Stone Arrow              Conj/Erth      0%         3d7       83%         3
 Tukima's Dance           Hex            0%         N/A       83%         3
 Passage of Golubria      Tloc           0%         N/A       99%         4
 Yara's Violent Unravell  Hex/Alch       0%         3d3       100%        5


Dungeon Overview and Level Annotations

Branches:
Dungeon (5/15)
 Temple: D:4-7

Altars:
Gozag
Wu Jian

Annotations:
D:5 Dowan, Duvessa


Innate Abilities, Weirdness & Mutations

You can wield a second weapon in your off-hand.
It takes a long time for you to wield or remove held weapons.
Your first few attacks do less damage.
You cannot equip rings or amulets.


Message History

You shoot a sling bullet.
The sling bullet hits Duvessa but does no damage.
Duvessa is lightly wounded.
You shoot a sling bullet. The sling bullet hits Duvessa.
Duvessa is lightly wounded.
Duvessa hits you with a +1 short sword of electrocution.
Duvessa misses you.
Dowan gestures wildly while chanting.
Dowan blinks!
You shoot a sling bullet.
The sling bullet hits Duvessa but does no damage.
Duvessa is lightly wounded.
You shoot a sling bullet.
The sling bullet closely misses Duvessa.
Duvessa barely misses you. Dowan gestures at you while chanting.
The puff of frost hits you!
Duvessa hits you with a +1 short sword of electrocution.
You are electrocuted!
You shoot a sling bullet. The sling bullet hits Duvessa.
Duvessa is moderately wounded.
You shoot a sling bullet.
The sling bullet hits Duvessa but does no damage.
Duvessa is moderately wounded.
Duvessa hits you with a +1 short sword of electrocution.
Duvessa barely misses you.
You shoot a sling bullet. The sling bullet hits Duvessa.
Duvessa is moderately wounded.
You shoot a sling bullet. The sling bullet barely misses Duvessa.
Duvessa hits you with a +1 short sword of electrocution!
* * * LOW HITPOINT WARNING * * *
Unknown command.
You shoot a sling bullet. The sling bullet barely misses Duvessa.
You shoot a sling bullet. The sling bullet hits Duvessa.
Duvessa is heavily wounded.
Duvessa barely misses you.
Duvessa hits you with a +1 short sword of electrocution!
* * * LOW HITPOINT WARNING * * *
You are electrocuted!!
You die...

##.....##...........
#...................
#................... ###
##...................
##.###....................
#...#.....................
##..>..#................##.
##......#........###......##
#.........e@÷.....#.......##
##.........)e...............
##...................e..÷..
#####...[....#............
#........#............
###................#..
##.............#.....
#.#...#........#.....
##..####..##.####....


You could see Duvessa (fast) and Dowan.

Vanquished Creatures
  Sigmund (D:2)
  Eustachio (D:4)
  A sky beast (D:4)
  A black bear (D:4)
  2 phantoms (D:5)
  2 scorpions
  A hound (D:4)
  2 orc priests
  2 iguanas
  A jelly (D:5)
  3 orc wizards
  A gnoll (D:1)
  5 adders
  14 dart slugs
  15 orcs
  9 ball pythons
  5 bats
  3 endoplasms
  4 giant cockroaches
  7 goblins
  10 hobgoblins
  3 jackals (D:1)
  2 quokkas (D:1)
  4 frilled lizards
  3 kobolds
  3 rats
105 creatures vanquished.

Notes
Turn   | Place    | Note
-------+----------+-------------------------------------------
     0 | D:1      | Drangen the Coglin Hunter began the quest for the Orb.
     0 | D:1      | Reached XP level 1. HP: 16/16 MP: 1/1
    37 | D:1      | Reached skill level 1 in Stealth
    38 | D:1      | Reached XP level 2. HP: 20/22 MP: 2/2
   309 | D:1      | Reached XP level 3. HP: 28/28 MP: 3/3
   876 | D:2      | Identified the +4 long sword of the Pyrrhic Victory {heavy,
                  | ^Drain rF++ Int-5 Stlth+}
  1002 | D:2      | Noticed Sigmund
  1011 | D:2      | Killed Sigmund
  1012 | D:2      | Reached XP level 4. HP: 6/35 MP: 4/4
  1012 | D:2      | Reached XP level 5. HP: 7/41 MP: 5/5
  1187 | D:2      | Reached XP level 6. HP: 47/47 MP: 6/6
  2287 | D:3      | Found an ornate altar of the Wu Jian Council.
  2287 | D:3      | Found an opulent altar of Gozag.
  2704 | D:4      | Noticed Eustachio
  2718 | D:4      | Killed Eustachio
  2719 | D:4      | Reached XP level 7. HP: 34/54 MP: 7/7
  2770 | D:4      | Reached skill level 5 in Ranged Weapons
  3227 | D:5      | Entered Level 5 of the Dungeon
  3502 | D:5      | Reached XP level 8. HP: 60/61 MP: 8/8
  3661 | D:5      | Noticed a yak
  3666 | D:5      | Noticed a yak
  3666 | D:5      | Noticed a yak
  3825 | D:5      | Noticed Duvessa
  3832 | D:5      | Noticed Dowan
  3922 | D:4      | Reached skill level 5 in Fighting
  4140 | D:5      | HP: 1/62 [Duvessa/+1 short sword of electrocution (9)]
  4140 | D:5      | Demolished by Duvessa

Illustrated notes

Levels and vault maps discovered:
D:1:      kennysheep_arrival_forest, layout_basic
D:2:      layout_basic, amcnicky_mini_corridor_feature, uniq_sigmund
D:3:      kennysheep_slugbush, layout_loops_ring, nicolae_overflow_two_pavilions
D:4:      layout_gridville, uniq_eustachio
D:5:      layout_cave_pools, uniq_duvessa

Skill      XL: |  1  2  3  4  5  6  7  8 |
---------------+-------------------------+-----
Stealth        | 1 2 3 4 |  4.3
Dodging        | 2 3 4 |  4.7
Ranged Weapons | 4 5 |  5.8
Fighting       | 3 4 5 |  5.1

Action                     |  1- 3 |  4- 6 |  7- 9 || total
---------------------------+-------+-------+-------++-------
  Melee: Sling             |       |       |     6 ||     6
   Fire: Sling             |   126 |   204 |   300 ||   630
    Use: Potion            |       |       |     3 ||     3
         Scroll            |       |       |     1 ||     1
 Armour: Leather armour    |    10 |    23 |    92 ||   125
  Dodge: Dodged            |     4 |    19 |    70 ||    93

Table legend: (Time is in decaauts)
 A = Elapsed time spent in this place.
 B = Non-inter-level travel time spent in this place.
 C = Inter-level travel time spent in this place.
 D = Time resting spent in this place.
 E = Time spent auto-exploring this place.
 F = Levels seen in this place.
 G = Mean time per level.
                   A        B        C        D        E       F      G
               +--------+--------+--------+--------+--------+-----+--------+
         Total |   4220 |   4101 |    119 |      0 |   3423 |   5 |  844.0 |
       Dungeon |   4220 |   4101 |    119 |      0 |   3423 |   5 |  844.0 |
               +--------+--------+--------+--------+--------+-----+--------+

Top non-repeatable levels by time:
     D:4: 1160 daAuts
     D:2: 1100 daAuts
     D:3: 757 daAuts
     D:1: 749 daAuts
     D:5: 451 daAuts
